 Dungeon Crawl Stone Soup version 0.30-a0-364-gf6b3ef1049 (webtiles) character file.

Game seed: 8044465071196783172

1031 NinjaNoafa the Covert (level 8, -10/36 (37) HPs)
             Began as a Spriggan Hunter on Nov 15, 2022.
             Mangled by Edmund
             ... wielding a +2 dire flail of draining
              (21 damage)
             ... on level 4 of the Dungeon.
             The game lasted 00:07:06 (3062 turns).

NinjaNoafa the Covert (Spriggan Hunter)             Turns: 3062, Time: 00:07:07

HP:   -10/36 (37)   AC:  5    Str:  5    XL:     8   Next: 3%
MP:   18/18         EV: 20    Int: 19    God:
Gold: 248           SH:  0    Dex: 20    Spells: 7/7 levels left

rFire   . . .      SeeInvis +    w - +7 dagger of Malaise {elec, rC+++ MP+9 Str-2 Int+2}
rCold   + + +      Faith    .    (no shield)
rNeg    + . .      Spirit   .    g - +2 robe {rN+}
rPois   .          Reflect  .    (helmet restricted)
rElec   .          Harm     .    l - +0 cloak
rCorr   .          Rampage  .    (gloves unavailable)
Will    +....                    (boots unavailable)
Stlth   ++++......               (no amulet)
HPRegen 0.26/turn                u - +6 ring of intelligence
MPRegen 0.16/turn                (no ring)

@: on berserk cooldown, hasted and slowed, studying Air Magic, lightly drained,
very quick
A: very small, no large weapons, unfitting armour, see invisible, speed 3
a: no special abilities


You were on level 4 of the Dungeon.
You visited 1 branch of the dungeon, and saw 5 of its levels.

You collected 248 gold pieces.

Inventory:

Hand Weapons
 w - the +7 dagger of Malaise (weapon) {elec, rC+++ MP+9 Str-2 Int+2}
   (You found it on level 4 of the Dungeon)

   It occasionally discharges a powerful burst of electricity upon striking a
   foe.
   Str:       It affects your strength (-2).
   Int:       It affects your intelligence (+2).
   rC:        It renders you almost immune to cold.
   MP:        It affects your magic capacity (+9).
 x - a +1 antimagic shortbow
Missiles
 e - 55 stones
Armour
 g - a +2 robe of positive energy (worn)
 l - a +0 cloak (worn)
Jewellery
 u - a +6 ring of intelligence (left hand)
Wands
 f - a wand of flame (15)
 s - a wand of charming (11)
 t - a wand of mindburst (12)
Scrolls
 a - a scroll of teleportation {unknown}
 b - a scroll of immolation
 c - 3 scrolls of magic mapping {unknown}
 d - 4 scrolls of identify {unknown}
 h - a scroll of silence {unknown}
 k - a scroll of blinking {unknown}
 m - a scroll of enchant weapon {unknown}
 n - a scroll of poison {unknown}
 o - a scroll of summoning {unknown}
 p - a scroll of torment {unknown}
Potions
 j - 4 potions of haste
 q - a potion of mutation {unknown}
 r - a potion of attraction {unknown}
 v - a potion of magic {unknown}


   Skills:
 - Level 1.5 Fighting
 + Level 4.0 Short Blades
 - Level 6.8 Ranged Weapons
 - Level 5.0 Dodging
 + Level 8.7 Stealth


You had 7 spell levels left.
You didn't know any spells.
Your spell library contained the following spells:

 Spells                   Type           Power      Damage    Failure   Level
 Blink                    Tloc           0%         N/A       30%         2
 Momentum Strike          Conj/Tloc      0%         3d8       30%         2
 Lesser Beckoning         Tloc           0%         N/A       52%         3


Dungeon Overview and Level Annotations

Branches:
Dungeon (5/15)
 Temple: D:4-7

Altars:
Ru

Annotations:
D:4 Edmund
D:5 Eustachio


Innate Abilities, Weirdness & Mutations

You are very small and have problems with some larger weapons.
You are too small for most types of armour.
You have supernaturally acute eyesight. (SInv)
You cover ground extremely quickly. (Speed+++)


Message History

Edmund the Younger comes into view.
He is wielding a +2 dire flail of draining.
The helpless orc fails to defend itself.
You skewer the orc like a kebab!!!
You kill the orc!
Edmund shouts!
You hear a shout!
Eustachio the Magnificent comes into view.
He is wielding a +0 rapier.
Edmund drinks a potion.
Edmund seems to grow stronger.
Eustachio casts a spell.
Eustachio blinks!
There is a stone staircase leading up here.
You see here a scroll labelled CEGGOM CAIL.
d - 4 scrolls labelled CEGGOM CAIL (gained 1)
A jackal comes into view.
Edmund says, "I might not be good at magic, but I can still kill you!"
You hear the slow hiss of a very distant avalanche of sand.
There is a stone staircase leading up here.
Edmund hits you with a +2 dire flail of draining!!
Ouch! That really hurt!
You partially resist.
You feel drained.
* * * LOW HITPOINT WARNING * * *
You climb upwards.
There is a stone staircase leading down here.
Unknown command.
You feel yourself speed up. Edmund barely misses you.
It was a potion of berserk rage.
A red film seems to cover your vision as you go berserk!
You feel yourself moving faster!
You feel mighty!
You are too berserk!
You feel a strong urge to attack something.
You feel your anger nearly subside. Edmund misses you.
You barely miss Edmund. You puncture Edmund!
Edmund is moderately wounded.
You are no longer berserk.
You are exhausted.
You feel yourself slow down.
Edmund hits you with a +2 dire flail of draining!!
Ouch! That really hurt!
You die...

#.[....###########..
#....#.####.........
#......#.......####.
#..............# #.
#...>..........# ##.
#..@...........# #..
#.....<........# #.#
#.###.#........# #.#
#.@@...........# #.#
#####.########## #.#
##.## ########.#
##...## #......#.#
##.#.#.###.####.#.#
##.##.##.##.####.#.#
#.###.###.#.##.....#
##.##..........#>###
##.###.###......#


You could see Edmund (strong).

Vanquished Creatures
  2 black bears (D:5)
  2 ogres (D:4)
  2 centaurs (D:4)
  2 scorpions (D:4)
  A hound (D:4)
  A jelly (D:4)
  2 iguanas
  Jessica (D:2)
  Natasha (thrice) (D:3)
  Terence (D:2)
  An orc wizard (D:4)
  Robin (D:2)
  A gnoll (D:1)
  4 adders
  2 worms
  4 dart slugs
  4 orcs
  8 endoplasms
  2 giant cockroaches (D:4)
  12 goblins
  4 hobgoblins
  2 jackals (D:1)
  6 kobolds
  2 quokkas
  7 ball pythons
  4 bats
  5 frilled lizards
  4 rats
90 creatures vanquished.

Notes
Turn   | Place    | Note
-------+----------+-------------------------------------------
     0 | D:1      | NinjaNoafa the Spriggan Hunter began the quest for the Orb.
     0 | D:1      | Reached XP level 1. HP: 10/10 MP: 2/2
   104 | D:1      | Reached skill level 2 in Stealth
   104 | D:1      | Reached XP level 2. HP: 10/14 MP: 3/3
   136 | D:1      | Found a faded altar of an unknown god.
   430 | D:1      | Reached XP level 3. HP: 18/18 MP: 4/4
   651 | D:2      | Reached skill level 3 in Stealth
   704 | D:2      | Noticed Jessica
   718 | D:2      | Killed Jessica
   719 | D:2      | Reached skill level 5 in Ranged Weapons
   719 | D:2      | Reached XP level 4. HP: 14/22 MP: 5/5
   889 | D:2      | Found a sacrificial altar of Ru.
   975 | D:2      | Noticed Terence
   985 | D:2      | Killed Terence
   986 | D:2      | Reached skill level 4 in Stealth
  1042 | D:2      | Noticed Robin
  1045 | D:2      | Reached XP level 5. HP: 25/25 MP: 6/6
  1064 | D:2      | Killed Robin
  1682 | D:3      | Noticed Natasha
  1685 | D:3      | Killed Natasha
  1726 | D:3      | Noticed Natasha
  1756 | D:3      | Killed Natasha
  1830 | D:3      | Noticed Natasha
  1832 | D:3      | Killed Natasha
  1959 | D:4      | Noticed an ogre
  1970 | D:4      | Killed an ogre
  1971 | D:4      | Reached skill level 5 in Stealth
  1971 | D:4      | Reached XP level 6. HP: 30/30 MP: 7/7
  1980 | D:4      | Reached skill level 5 in Dodging
  2090 | D:4      | Reached skill level 6 in Stealth
  2090 | D:4      | Reached XP level 7. HP: 17/33 MP: 8/8
  2190 | D:4      | Identified the -2 pair of gloves "Ihuem" {Contam Fly rCorr}
  2355 | D:4      | Identified the +7 dagger of Malaise {elec, rC+++ MP+9 Str-2
                  | Int+2}
  2561 | D:4      | Reached skill level 1 in Short Blades
  2633 | D:4      | Reached skill level 7 in Stealth
  2966 | D:5      | Entered Level 5 of the Dungeon
  2994 | D:5      | Reached skill level 8 in Stealth
  3006 | D:5      | Reached XP level 8. HP: 37/37 MP: 9/9
  3021 | D:5      | Noticed Edmund
  3028 | D:5      | Noticed Eustachio
  3062 | D:4      | Mangled by Edmund

Illustrated notes

Levels and vault maps discovered:
D:1:      dpeg_arrival_snail, layout_basic, basic_ecumenical_altar
D:2:      kennysheep_six_static_rooms, layout_loops_ring, basic_altar,
          uniq_terence, uniq_jessica, uniq_robin
D:3:      layout_rooms, uniq_natasha
D:4:      layout_loops_cross, minmay_manual_mares
D:5:      layout_rooms, minmay_temple_entry_water_ring,
          nicolae_ossuary_entry_plus, uniq_eustachio, uniq_edmund

Skill      XL: |  1  2  3  4  5  6  7 |
---------------+----------------------+-----
Dodging        | 3 4 5 |  5.0
Stealth        | 2 3 4 5 6 8 |  8.7
Ranged Weapons | 5 6 |  6.8
Short Blades   | 4 |  4.0
Fighting       | |  1.5

Action                   |  1- 3 |  4- 6 |  7- 9 || total
-------------------------+-------+-------+-------++-------
Melee: Dagger            |       |    20 |    32 ||    52
       Punch             |       |     2 |       ||     2
 Fire: Shortbow          |    66 |   125 |    12 ||   203
  Use: Potion            |     3 |     3 |     2 ||     8
 Stab: Sleeping          |       |       |    11 ||    11
Armor: Robe              |     1 |    17 |    12 ||    30
Dodge: Dodged            |    21 |    73 |    39 ||   133

Table legend: (Time is in decaauts)
 A = Elapsed time spent in this place.
 B = Non-inter-level travel time spent in this place.
 C = Inter-level travel time spent in this place.
 D = Time resting spent in this place.
 E = Time spent auto-exploring this place.
 F = Levels seen in this place.
 G = Mean time per level.
                   A        B        C        D        E       F      G
               +--------+--------+--------+--------+--------+-----+--------+
         Total |   2153 |   2067 |     86 |      0 |   1489 |   5 |  430.6 |
       Dungeon |   2153 |   2067 |     86 |      0 |   1489 |   5 |  430.6 |
               +--------+--------+--------+--------+--------+-----+--------+

Top non-repeatable levels by time:
     D:4: 770 daAuts
     D:2: 611 daAuts
     D:1: 422 daAuts
     D:3: 297 daAuts
     D:5: 51 daAuts
